AoeStats
← dangg7

Nomad

509802144Analyzed
3v3 RM · 2d ago on Sep 28, 2026· 54m 47s· 6 players
Game mode
Random Map
Map size
210×210
Population
200
Speed
Normal
Resources
Standard
Victory
Conquest
Starting age
Dark Age
Ending age
Imperial Age
RankedLock teamsTeams togetherTeam positionsShared explorationLock speedFull tech treeHidden civsTurbo modeCheats
Victory
Defeat
🇲🇽 Danes · Mexico
847
+14
842
+15
🇲🇽 Saxons · Mexico
819
+15
🇲🇽 Turks · Mexico
1000
-75
🇺🇸 Byzantines · United States
729
-17
🇲🇽 Danes · Mexico
700
-10
marengoalejandro33
17:28 Feudal Age
18:16 Man-at-Arms
20:21 Wheelbarrow
20:28 Double-Bit Axe
23:38 Horse Collar
24:28 Loom
33:43 Castle Age
34:06 Long Swordsman
35:15 Heavy Plow
36:33 Gold Mining
38:35 Husbandry
38:50 Stone Mining
39:41 Gold Shaft Mining
41:41 Bow Saw
44:43 Hand Cart
roch1234567
11:13 Loom
14:42 Feudal Age
17:47 Double-Bit Axe
17:46 Horse Collar
27:25 Castle Age
27:29 Stone Mining
27:30 Gold Mining
29:48 Scale Barding Armor
29:54 Forging
31:07 Chain Barding Armor
30:55 Husbandry
30:53 Fishing Lines
34:56 Murder Holes
36:12 Ballistics
37:47 Iron Casting
37:50 Bow Saw
46:45 Imperial Age
dangg7
15:06 Feudal Age
15:56 Town Watch
18:41 Wheelbarrow
17:54 Double-Bit Axe
17:53 Horse Collar
19:50 Fishing Lines
20:30 Arson
20:06 Man-at-Arms
27:31 Forging
27:23 Scale Mail Armor
29:34 Castle Age
31:32 Gillnets
32:27 Fletching
32:52 Town Patrol
33:45 Murder Holes
36:32 Heavy Plow
36:47 Bodkin Arrow
38:45 Forging
38:36 Scale Mail Armor
39:04 Ballistics
38:57 Masonry
40:12 Caravan
Chekesin89
4:55 Loom
16:37 Feudal Age
24:27 Castle Age
23:13 Double-Bit Axe
29:41 Wheelbarrow
29:57 Gold Mining
30:02 Horse Collar
34:53 Imperial Age
32:43 Hand Cart
32:53 Arson
33:08 Squires
32:54 Gambesons
33:54 Heavy Plow
34:11 Bow Saw
37:01 Scale Mail Armor
37:12 Forging
37:28 Murder Holes
38:55 Crop Rotation
38:55 Shield Wall
40:57 Chain Mail Armor
42:03 Gold Shaft Mining
45:31 Elite Varangian Guard
46:55 Caravan
47:40 Iron Casting
48:21 Elite Hearth Troop
49:41 Plate Mail Armor
Odiseo
5:04 Loom
16:49 Feudal Age
18:14 Double-Bit Axe
20:52 Castle Age
19:38 Stone Mining
19:55 Gold Mining
20:45 Wheelbarrow
19:53 Horse Collar
20:49 Fishing Lines
22:27 Bow Saw
22:19 Gillnets
23:06 Squires
24:26 Heavy Plow
25:05 Gold Shaft Mining
26:37 Arson
28:52 Scale Mail Armor
29:05 Forging
31:00 Scale Mail Armor
32:51 Hand Cart
34:24 Hamask
41:27 Imperial Age
39:36 Iron Casting
39:22 Gambesons
40:00 Chain Mail Armor
43:08 Blast Furnace
42:40 Plate Mail Armor
41:36 Elite Jomsviking
42:56 Conscription
44:05 Onager
45:41 Siege Onager
46:18 Northmen's Fury
48:30 Elite Longship
50:56 Siege Engineers
51:52 Chemistry
51:13 Ballistics
Dr. Heinz Doofenshmirtz
5:12 Loom
17:44 Feudal Age
24:41 Castle Age
24:11 Arson
24:41 Forging
24:31 Scale Mail Armor
29:03 Squires
35:56 Iron Casting
35:36 Chain Mail Armor
41:08 Imperial Age
42:23 Conscription
43:27 Elite Varangian Guard
43:33 Gothikon
47:59 Plate Mail Armor
48:30 Blast Furnace
47:52 Double-Bit Axe
50:11 Wheelbarrow
Connection lost

Rejoining the realm…

Still unreachable

The connection could not be restored.

Session expired

The server has moved on; the page needs a fresh start.